 Dungeon Crawl Stone Soup version 0.22.0-6-g71bd7aa (webtiles) character file.

212 Amnesiac the Gusty (level 5, -2/35 HPs)
             Began as a Mummy Air Elementalist on Aug 15, 2018.
             Was a Believer of Dithmenos.
             Slain by Crazy Yiuf
             ... wielding a +4 quarterstaff of chaos
              (13 damage)
             ... on level 3 of the Dungeon.
             The game lasted 00:05:36 (2766 turns).

Amnesiac the Gusty (Mummy Air Elementalist)         Turns: 2766, Time: 00:05:36

Health: -2/35      AC:  4    Str: 12    XL:     5   Next: 58%
Magic:  8/11       EV: 12    Int: 15    God:    Dithmenos [**....]
Gold:   231        SH:  0    Dex: 12    Spells: 10/13 levels left

rFire    x . .     SeeInvis .   a - +0 falchion (elec)
rCold    + . .     Gourm    .   (no shield)
rNeg     + + +     Faith    .   i - +0 robe
rPois    ∞         Spirit   .   r - +0 helmet
rElec    .         Reflect  .   (no cloak)
rCorr    .         Harm     .   n - +0 pair of gloves
MR       .....                  (no boots)
Stlth    +++.......             (no amulet)
HPRegen  0.11/turn              c - ring of stealth
MPRegen  0.12/turn              (no ring)

@: wreathed by umbra
A: no food or potions, fire vulnerability, cold resistance 1, negative energy
resistance 3, torment resistance, unbreathing
a: Shadow Step, Renounce Religion


You were on level 3 of the Dungeon.
You worshipped Dithmenos.
Dithmenos was pleased with you.
You were not hungry.

You visited 2 branches of the dungeon, and saw 5 of its levels.

You collected 231 gold pieces.

Inventory:

Hand Weapons
 a - a +0 falchion of electrocution (weapon)
 b - a +2 dagger of venom
 j - a +1 hunting sling of velocity
Missiles
 k - 236 stones (quivered)
 o - 44 sling bullets
Armour
 i - a +0 robe (worn)
 n - a +0 pair of gloves (worn)
 r - a +0 helmet (worn)
Jewellery
 c - a ring of stealth (left hand)
 p - a +2 ring of evasion {unknown}
Wands
 e - a wand of enslavement (9)
Scrolls
 d - 3 scrolls of teleportation {!r}
 f - 2 scrolls of magic mapping {!r}
 g - 2 scrolls of immolation {!r}
 h - 2 scrolls of amnesia {!r}
 l - 3 scrolls of remove curse {!r}
 m - 4 scrolls of identify {!r}
 q - a scroll of enchant armour {!r, unknown}


   Skills:
 - Level 1.5 Dodging
 - Level 1.5 Stealth
 + Level 4.5 Spellcasting
 - Level 0.7 Conjurations
 * Level 4.6 Air Magic


You had 10 spell levels left.
You knew the following spells:

 Your Spells              Type           Power        Failure   Level  Hunger
a - Shock                 Conj/Air       ##..         6%          1    N/A
z - Swiftness             Chrm/Air       ##......     10%         2    N/A

Your spell library contained the following spells:

 Spells                   Type           Power        Failure   Level  Hunger
 Lightning Bolt           Conj/Air       ##........   85%         5    N/A
 Airstrike                Air            ###.......   26%         4    N/A
 Static Discharge         Conj/Air       ##......     17%         3    N/A

Dungeon Overview and Level Annotations

Branches:
Dungeon (4/15)             Temple (1/1) D:4

Altars:
Ashenzari
Cheibriados
Dithmenos
Elyvilon
Fedhas
Gozag
Hepliaklqana
Nemelex Xobeh
Okawaru
Qazlal
Ru
Sif Muna
Trog
Vehumet
Wu Jian
Yredelemnul
Zin

Annotations:
D:3 Crazy Yiuf
D:4 exclusion: ogre


Innate Abilities, Weirdness & Mutations

You do not eat or drink.
Your flesh is vulnerable to fire.
You are immune to poison.
Your flesh is cold resistant. (rC+)
You are immune to negative energy. (rN+++)
You are immune to unholy pain and torment.
You can survive without breathing.


Message History

The zap hits the hobgoblin.
The hobgoblin is heavily wounded.
Casting: Shock (safe; 6% risk of failure)
Confirm with . or Enter, or press ? or * to list all spells.
Aiming: Shock (safe; 6% risk of failure)
Press: ? - help, Shift-Dir - straight line, f/p - hobgoblin
Aim: a hobgoblin (heavily wounded)
The zap hits the hobgoblin.
You kill the hobgoblin!
Dithmenos accepts your kill.
Casting: Shock (safe; 6% risk of failure)
Confirm with . or Enter, or press ? or * to list all spells.
You can't see any susceptible monsters within range! (Use Z to cast anyway.)
You see here a hobgoblin corpse.
You see here 16 arrows.
You now have 224 gold pieces (gained 12).
You now have 231 gold pieces (gained 7).
Key pressed, stopping explore.
You see here 16 arrows.
You see here a hobgoblin corpse.
Key pressed, stopping explore.
You see here a hobgoblin corpse.
You see here 16 arrows.
There is an escape hatch in the ceiling here.
Partly explored, unopened runed door.
Partly explored, unopened runed door.
You open the door.
Crazy Yiuf the Enlightened comes into view.
He is wielding a quarterstaff of chaos.
Crazy Yiuf shouts!
Found a mace.
Crazy Yiuf yells, "Dawk ena light!"
There is an open door here.
Casting: Shock (safe; 6% risk of failure)
Confirm with . or Enter, or press ? or * to list all spells.
Aiming: Shock (safe; 6% risk of failure)
Press: ? - help, Shift-Dir - straight line, f - Crazy Yiuf
Aim: Crazy Yiuf, wielding a quarterstaff of chaos and wearing a cloak (umbra)
The zap misses Crazy Yiuf. x2
Crazy Yiuf says, "Powder!
Buddy green poople."
Crazy Yiuf hits you with a quarterstaff of chaos.
You convulse!
Casting: Shock (safe; 6% risk of failure)
Confirm with . or Enter, or press ? or * to list all spells.
Aiming: Shock (safe; 6% risk of failure)
Press: ? - help, Shift-Dir - straight line, f/p - Crazy Yiuf
Aim: Crazy Yiuf, wielding a quarterstaff of chaos and wearing a cloak (umbra)
The zap hits Crazy Yiuf.
Crazy Yiuf is moderately wounded.
The zap hits Crazy Yiuf.
Crazy Yiuf is moderately wounded.
Crazy Yiuf says, "Crazy?
Crazy!?
PORCUPINE!"
Crazy Yiuf hits you with a quarterstaff of chaos!
* * * LOW HITPOINT WARNING * * *
Casting: Shock (safe; 6% risk of failure)
Confirm with . or Enter, or press ? or * to list all spells.
Aiming: Shock (safe; 6% risk of failure)
Press: ? - help, Shift-Dir - straight line, f/p - Crazy Yiuf
Aim: Crazy Yiuf, wielding a quarterstaff of chaos and wearing a cloak (moderately wounded, umbra)
The zap hits Crazy Yiuf.
Crazy Yiuf is moderately wounded.
The zap hits Crazy Yiuf.
Crazy Yiuf is heavily wounded.
Crazy Yiuf hits you with a quarterstaff of chaos!
You die...

#....<.##.#
####.###.# #
..####.##.#
#...##.####
..# #.##.##
#........>.
..####.#...#
#...##.....
...........#
#####
#######.###.
...###.#...#
#..)#
#.........>#
...# #.##.##
#...#
#######.###.
...# #.##.#
#.g.#
#.......####
...###.##.##
#@#
#...........
.......##.<#
♣♣.♣
############
#..........#
♣.♣♣
##.###.#####
♣♣.♣ #.# #.#
♣.♣♣ #.# #.#
♣♣.♣♣ #.#
#.#####
♣...♣♣
#.###.....#
♣....♣
#.........#
#....#


You could see Crazy Yiuf.

Vanquished Creatures
  2 orc wizards (D:4)
  Jessica (D:2)
  Robin (D:3)
  3 adders (D:2)
  2 worms
  A dart slug (D:4)
  A leopard gecko (D:4)
  8 orcs
  A ball python (D:1)
  5 giant cockroaches
  13 goblins
  10 hobgoblins
  3 jackals (D:1)
  6 bats
  4 frilled lizards
  4 kobolds
  15 rats
80 creatures vanquished.

Notes
Turn   | Place    | Note
-------+----------+-------------------------------------------
     0 | D:1      | Amnesiac the Mummy Air Elementalist began the quest for the Orb.
     0 | D:1      | Reached XP level 1. HP: 13/13 MP: 4/4
   243 | D:2      | Noticed Jessica
   265 | D:2      | Reached XP level 2. HP: 19/19 MP: 1/5
   268 | D:2      | Killed Jessica
   268 | D:2      | Reached XP level 3. HP: 18/24 MP: 0/7
   272 | D:2      | Learned a level 2 spell: Swiftness
   353 | D:2      | Found a stormy altar of Qazlal.
   357 | D:2      | You fall through a shaft for 2 floors!
   366 | D:4      | Noticed an ogre
   679 | D:4      | Reached XP level 4. HP: 30/30 MP: 2/9
   803 | D:4      | Found a staircase to the Ecumenical Temple.
   862 | Temple   | Entered the Ecumenical Temple
   894 | Temple   | Became a worshipper of Dithmenos the Shadowed
  1019 | D:3      | Noticed Robin
  1138 | D:3      | Killed Robin
  1392 | D:1      | Reached XP level 5. HP: 32/35 MP: 2/11
  1405 | D:1      | Reached * piety under Dithmenos
  1839 | D:2      | Found a sacrificial altar of Ru.
  1981 | D:2      | Found a shattered altar of Ashenzari.
  2282 | D:3      | Found a runed door.
  2355 | D:3      | Reached ** piety under Dithmenos
  2762 | D:3      | Noticed Crazy Yiuf
  2766 | D:3      | Slain by Crazy Yiuf

Skill      XL: |  1  2  3  4 |
---------------+-------------+-----
Spellcasting   | 3 4 |  4.5
Air Magic      | 3 4 |  4.6
Dodging        | |  1.5
Stealth        | |  1.5
Conjurations   | |  0.7

Action                   |  1- 3 |  4- 6 || total
-------------------------+-------+-------++-------
Melee: Dagger            |     3 |    33 ||    36
 Cast: Shock             |    32 |   125 ||   157
  Use: Scroll            |       |     6 ||     6
 Stab: Sleeping          |     1 |       ||     1
Armor: Robe              |     2 |    25 ||    27
Dodge: Dodged            |     6 |    63 ||    69
